 Dungeon Crawl Stone Soup version 0.18.1-50-g88ac8fd (webtiles) character file.

143 Gargoyl the Skirmisher (level 5, -1/42 HPs)
             Began as a Demonspawn Abyssal Knight on Oct 15, 2016.
             Was a Believer of Lugonu.
             Slain by an ogre
             ... wielding a +0 giant spiked club
              (27 damage)
             ... on level 4 of the Dungeon.
             The game lasted 00:06:13 (3230 turns).

Gargoyl the Skirmisher (Demonspawn Abyssal Knight)  Turns: 3230, Time: 00:06:13

Health: -1/42      AC: 13    Str: 15    XL:     5   Next: 4%
Magic:  7/7        EV:  4    Int: 14    God:    Lugonu [**....]
Gold:   199        SH:  0    Dex: 12    Spells: 0 memorised, 4 levels left

rFire  + . .     SeeInvis +     t - +7 hand axe "Vurcheoho" {venom, rC+ rN+ Str+2}
rCold  + + .     Gourm    .     f - +0 plate armour {rF+}
rNeg   + + .     Faith    .     (no shield)
rPois  .         Spirit   .     j - +0 helmet
rElec  .         Dismiss  .     q - +0 cloak
rCorr  .         Reflect  .     (no gloves)
SustAt .         Harm     .     (no boots)
MR     .....                    (no amulet)
Stlth  ..........               k - ring of see invisible
                                d - ring of positive energy

@: not resistant to hostile enchantments, extremely unstealthy
A: hooves 1, cold resistance 1
a: Depart the Abyss, Bend Space, Renounce Religion


You were on level 4 of the Dungeon.
You worshipped Lugonu.
Lugonu was pleased with you.
You were not hungry.

You visited 1 branch of the dungeon, and saw 4 of its levels.
You visited the Abyss 1 time.

You collected 199 gold pieces.

Inventory:

Hand Weapons
 a - a +1 hand axe
 t - the +7 hand axe "Vurcheoho" (weapon) {venom, rC+ rN+ Str+2}
   (You found it on level 4 of the Dungeon)

   It poisons the flesh of those it strikes.
   It affects your strength (+2).
   It protects you from cold.
   It protects you from negative energy.
Missiles
 n - 2 javelins (quivered)
Armour
 f - a +0 plate armour of fire resistance (worn)
 j - a +0 helmet (worn)
 q - a +0 cloak (worn)
Jewellery
 d - a ring of positive energy (left hand)
 k - a ring of see invisible (right hand)
Wands
 e - a wand of acid (10/15)
Scrolls
 b - a scroll of teleportation
 h - a scroll of noise {unknown}
 i - 2 scrolls of enchant armour {unknown}
 m - a scroll of enchant weapon {unknown}
 s - a scroll of remove curse {unknown}
 v - a scroll of magic mapping {unknown}
Potions
 u - a potion of heal wounds
 w - a potion of brilliance {unknown}
Comestibles
 c - 4 bread rations
 g - 2 slices of pizza
 l - 2 meat rations
 o - 5 fruits
 r - a beef jerky


   Skills:
 + Level 3.9 Fighting
 + Level 2.4 Axes
 * Level 3.5 Armour
 + Level 1.1 Dodging
 * Level 3.0 Invocations


You had 4 spell levels left.
You didn't know any spells.

Dungeon Overview and Level Annotations

Branches:
Dungeon (4/15)
 Temple: D:4-7

Altars:
Okawaru
Ru
The Shining One

Annotations:
D:3 Jessica


Innate Abilities, Weirdness & Mutations

You have large cloven feet.
Your flesh is cold resistant.


Message History

The ogre is lightly wounded.
Throwing (i - inventory):
n - 4 javelins (quivered)
Press: ? - help, Shift-Dir - straight line, f/p - ogre
Aim: an ogre, wielding a giant spiked club (lightly wounded)
You throw a javelin. The javelin hits the ogre!
The ogre is heavily wounded.
Throwing (i - inventory):
n - 3 javelins (quivered)
Press: ? - help, Shift-Dir - straight line, f/p - ogre
Aim: an ogre, wielding a giant spiked club (moderately wounded)
You throw a javelin. The javelin hits the ogre.
The ogre is heavily wounded.
The ogre hits you with a giant spiked club.
Your plate armour prevents you from hitting the ogre.
The ogre is heavily wounded.
The ogre hits you with a giant spiked club!
You closely miss the ogre. You kick the ogre, but do no damage.
The ogre is heavily wounded.
The ogre hits you with a giant spiked club!!
Ouch! That really hurt!
You die...

( # .# .... . .#.# ....
###. ...#.... ....# #.(
..# .....##(....###
#...#...#......
.......O.....##
.##....@#.#....
................#.#..#
#.....#..............#
#.#.............#.##...
#.....#...........####...
..
##....##..................
.#
#...>............#.####...
.#
..#.#.##.............##.#
.##
..._..........[.......#.##
...


You could see an ogre.

Vanquished Creatures
  4 gnolls
  4 adders (D:2)
  An ooze (D:2)
  A worm (D:2)
  A dart slug (D:1)
  3 giant geckos (D:1)
  4 giant cockroaches
  6 goblins
  6 hobgoblins
  6 jackals
  A quokka (D:4)
  A ball python (D:2)
  4 bats (D:2)
  6 giant newts
  4 kobolds
  3 rats
55 creatures vanquished.

Notes
Turn   | Place    | Note
--------------------------------------------------------------
     0 | Abyss:1  | Gargoyl the Demonspawn Abyssal Knight began the quest for the Orb.
     0 | Abyss:1  | Reached XP level 1. HP: 18/18 MP: 2/2
     1 | Abyss:1  | Found a corrupted altar of Lugonu.
    61 | Abyss:4  | Found a corrupted altar of Lugonu.
    66 | Abyss:5  | Entered Level 5 of the Abyss
   110 | D:1      | Escaped the Abyss
   795 | D:1      | Gained mutation: Your flesh is cold resistant. [demonic ancestry]
   795 | D:1      | Reached XP level 2. HP: 24/24 MP: 3/3
   803 | D:1      | Reached * piety under Lugonu
  1024 | D:1      | Reached skill level 1 in Dodging
  1427 | D:2      | Reached XP level 3. HP: 27/29 MP: 3/5
  1454 | D:2      | Found a sacrificial altar of Ru.
  1482 | D:2      | Found a faded altar to an unknown god.
  2019 | D:2      | Gained mutation: You have large cloven feet. [demonic ancestry]
  2019 | D:2      | Reached XP level 4. HP: 23/37 MP: 6/6
  2328 | D:2      | Reached ** piety under Lugonu
  2556 | D:3      | Found a glowing golden altar of the Shining One.
  2561 | D:3      | Noticed Jessica
  3028 | D:4      | Reached XP level 5. HP: 31/42 MP: 7/7
  3126 | D:4      | Found an iron altar of Okawaru.
  3133 | D:4      | Got a transparent hand axe
  3134 | D:4      | Identified the +7 hand axe "Vurcheoho" {venom, rC+ rN+ Str+2} (You found it on level 4 of the Dungeon)
  3224 | D:4      | Noticed an ogre
  3230 | D:4      | Slain by an ogre

Skill      XL: |  1  2  3  4 |
---------------+-------------+-----
Armour         | 2 3 |  3.5
Dodging        | 1 |  1.1
Axes           | 2 |  2.4
Invocations    | 3 |  3.0
Fighting       | |  3.9

Action                   |  1- 3 |  4- 6 || total
-------------------------+-------+-------++-------
Melee: Hand axe          |   146 |    67 ||   213
       Kick              |       |    13 ||    13
Throw: Javelin           |       |     3 ||     3
Invok: Depart the Abyss  |     1 |       ||     1
  Use: Scroll            |     2 |     2 ||     4
       Potion            |     1 |       ||     1
  Eat: Chunk             |     4 |     4 ||     8
Armor: Plate armour      |   141 |    76 ||   217
Dodge: Dodged            |    26 |    22 ||    48
